 Dungeon Crawl Stone Soup version 0.21-a0-496-g696f58f (webtiles) character file.

13 Charly the Insei (level 2, 0/14 HPs)
             Began as a Vine Stalker Transmuter on Nov 23, 2017.
             Slain by a jackal (1 damage)
             ... on level 1 of the Dungeon.
             The game lasted 00:02:08 (208 turns).

Charly the Insei (Vine Stalker Transmuter)           Turns: 208, Time: 00:02:09

Health: 0/14       AC:  2    Str: 12    XL:     2   Next: 37%
Magic:  0/6        EV: 12    Int: 13    God:
Gold:   0          SH:  0    Dex: 14    Spells: 2/5 levels left

rFire    . . .     SeeInvis .     - Unarmed
rCold    . . .     Gourm    .   (no shield)
rNeg     . . .     Faith    .   b - +0 robe
rPois    .         Spirit   +   (no helmet)
rElec    .         Reflect  .   (no cloak)
rCorr    .         Harm     .   (no gloves)
MR       .....                  (no boots)
Stlth    +.........             (no amulet)
HPRegen  0.04/turn              (no ring)
MPRegen  0.10/turn              (no ring)

@: no status effects
A: fangs 2, magic shield, antimagic bite, no potion heal 3, rot immunity
a: no special abilities


You were on level 1 of the Dungeon.
You were not hungry.

You visited 1 branch of the dungeon, and saw 1 of its levels.

Inventory:

Missiles
 a - 9 arrows
Armour
 b - a +0 robe (worn)
Scrolls
 e - a scroll of fog {unknown}
 f - a scroll of immolation {unknown}
 g - 2 scrolls of identify {unknown}
 h - 2 scrolls of enchant armour {unknown}
Books
 c - a book of Changes

   Spells                             Type                      Level
   a - Beastly Appendage              Transmutation                1
   b - Sticks to Snakes               Transmutation                2
   c - Spider Form                    Transmutation/Poison         3
   d - Ice Form                       Ice/Transmutation            4
   e - Blade Hands                    Transmutation                5
Comestibles
 d - a bread ration


   Skills:
 - Level 0.8 Fighting
 - Level 1.5 Dodging
 + Level 3.7 Unarmed Combat
 - Level 2.1 Spellcasting
 - Level 2.0 Transmutations


You had 2 spell levels left.
You knew the following spells:

 Your Spells              Type           Power        Failure   Level  Hunger
a - Beastly Appendage     Tmut           #.....       11%         1    ##.....
s - Sticks to Snakes      Tmut           #.......     17%         2    ###....


Dungeon Overview and Level Annotations

Branches:
Dungeon (1/15)

Altars:


Innate Abilities, Weirdness & Mutations

You have extremely sharp teeth.
When hurt, damage is shared between your health and your magic reserves.
Your bite disrupts and absorbs the magic of your enemies.
Potions cannot restore your health.
You are immune to rotting.


Message History

The jackal bites you but does no damage.
You miss the jackal. Your bite misses the jackal.
The jackal is lightly wounded.
The jackal barely misses you. x2
You closely miss the jackal.
The jackal is lightly wounded.
The jackal bites you. x2; The jackal closely misses you.
You barely miss the jackal.
The jackal is lightly wounded.
The jackal barely misses you. The jackal bites you.
The jackal closely misses you.
You hit the jackal but do no damage. You bite the jackal, but do no damage.
The jackal is lightly wounded.
The jackal bites you.
* * * LOW HITPOINT WARNING * * *
The jackal misses you.
You barely miss the jackal.
The jackal is lightly wounded.
The jackal completely misses you. The jackal bites you.
You die...

..#.# .#.#.#.#.##
....#...#...#...#
#.#.#.#.#.#.#.##
#...#...#...#.########
#.#.#.#.#.#.#.......#
#...#...#...#.####.#
#.#.#.#.#.#.#..# #.#
#...#h†h#...#..## #.#
.)..#.#.#@#.#.#.#.#
#.#
###########..####(#
#.# ##......# #.#
######.# #.# #.# #.#
#.# #.# .# #.# #
####.# #. #....##


You could see 2 jackals.

Vanquished Creatures
  A bat (D:1)
  3 goblins (D:1)
  2 hobgoblins (D:1)
  2 jackals (D:1)
  2 kobolds (D:1)
  2 rats (D:1)
12 creatures vanquished.

Notes
Turn   | Place    | Note
-------+----------+-------------------------------------------
     0 | D:1      | Charly the Vine Stalker Transmuter began the quest for the Orb.
     0 | D:1      | Reached XP level 1. HP: 9/9 MP: 4/4
   102 | D:1      | Reached XP level 2. HP: 10/14 MP: 6/6
   106 | D:1      | Learned a level 2 spell: Sticks to Snakes
   208 | D:1      | Slain by a jackal

Vault maps used:
D:1:      onia_arrival_mini_maze_b, kennysheep_crisscross, grunt_decor_cap

Action                   || total
-------------------------++-------
Melee: Unarmed           ||    40
       Bite              ||     9
       Kick              ||     4
       Headbutt          ||     1
       Punch             ||     1
 Cast: Beastly Appendage ||     5
       Sticks to Snakes  ||     3
 Stab: Sleeping          ||     1
Armor: Robe              ||     2
Dodge: Dodged            ||    37

Table legend:
 A = Spawn XP
 B = Non-spawn XP
 C = Spawn XP percentage of total XP
 D = Spawn monster count
 E = Non-spawn monster count
 F = Spawn count percentage of total count
 G = Total turns spent on level
                    A         B        C        D         E        F      G
               +---------+---------+-------+---------+---------+-------+---------
         Total |       0 |      19 |   0.0 |       0 |      12 |   0.0 |   208
               +---------+---------+-------+---------+---------+-------+---------
           D:1 |       0 |      19 |   0.0 |       0 |      12 |   0.0 |   208
               +---------+---------+-------+---------+---------+-------+---------
